 Dungeon Crawl Stone Soup version 0.27.0-1-g7a089689b8 (webtiles) character file.

Game seed: 1240138886758124247

27 Sobieck the Grasshopper (level 2, 0/13 HPs)
             Began as a Felid Warper on Aug 11, 2021.
             Slain by an adder (4 damage)
             ... on level 2 of the Dungeon.
             The game lasted 00:02:42 (2182 turns).

Sobieck the Grasshopper (Felid Warper)              Turns: 2182, Time: 00:02:42

Health: 0/13       AC:  1    Str:  7    XL:     2   Next: 93%
Magic:  6/6        EV: 17    Int: 14    God:
Gold:   48         SH:  0    Dex: 15    Spells: 5/5 levels left
                                        Lives:  0   Deaths: 0

rFire    . . .     SeeInvis +     - Unarmed
rCold    . . .     Faith    .   (shield unavailable)
rNeg     . . .     Spirit   .   (armour unavailable)
rPois    .         Reflect  .   (helmet unavailable)
rElec    .         Harm     .   (cloak unavailable)
rCorr    .         Rampage  .   (gloves unavailable)
Will     .....                  (boots unavailable)
Stlth    +.........             (no amulet)
HPRegen  0.04/turn              (no ring)
MPRegen  0.10/turn              (no ring)

@: quick
A: very small, claws 1, fangs 3, see invisible, speed 1, shaggy fur 1, stealthy
paws, no weapons or thrown items, no armour, multi-lived
a: no special abilities


You were on level 2 of the Dungeon.
You visited 1 branch of the dungeon, and saw 2 of its levels.

You collected 48 gold pieces.


Innate Abilities, Weirdness & Mutations

You have sharp claws.
You have razor-sharp teeth.
You have supernaturally acute eyesight. (SInv)
You cover ground quickly. (Speed+)
You are covered in fur. (AC +1)
Your paws help you pounce on unaware monsters.
You are incapable of wielding weapons or throwing items.
You cannot wear armour.
You gain extra lives every three experience levels.


   Skills:
 - Level 2.0 Fighting
 - Level 3.2 Dodging
 + Level 3.5 Unarmed Combat
 - Level 2.0 Spellcasting
 - Level 4.4 Translocations


You had 5 spell levels left.
You didn't know any spells.
Your spell library contained the following spells:

 Spells                   Type           Power      Damage    Failure   Level
 Blink                    Tloc           N/A        N/A       6%          2
 Gell's Gravitas          Tloc           6%         N/A       12%         3
 Lesser Beckoning         Tloc           6%         N/A       12%         3
 Teleport Other           Tloc           13%        N/A       12%         3
 Magic Dart               Conj           4%         1d3       24%         1
 Searing Ray              Conj           2%         3d3       34%         2
 Manifold Assault         Tloc           13%        N/A       73%         5
 Fulminant Prism          Conj/Hex       0%         3d6       93%         4

Inventory:

Scrolls
 a - a scroll of blinking {!r}
 b - 2 scrolls of identify {unknown}
 c - a scroll of teleportation {unknown}
 e - a scroll of magic mapping {unknown}
 f - a scroll of enchant armour {unknown}
Potions
 d - 2 potions of lignification {unknown}

Dungeon Overview and Level Annotations

Branches:
Dungeon (2/15)

Altars:
Xom

... #.# ...# #.#####
....####.....######
........###.......#
.........##.......#
..................#
..#...............# #
#........._.....#
#.........)r.S@.#
#......#............#
#......##....####.###
#.###.#####..# # #.
#.# #..# .. #.# #<.#
. #.# #... #. .....
#.##


You could see an adder and a quokka.


Message History

The helpless endoplasm fails to defend itself.
You scratch the endoplasm. You scratch the endoplasm.
You kill the endoplasm!
Unknown command.
Key pressed, stopping explore.
Found a stone staircase leading down.
Unknown command.
Found an escape hatch in the floor.
Unknown command.
You now have 48 gold pieces (gained 13).
A kobold comes into view. It is wielding a +0 short sword.
Danger!
The kobold shouts!
You hear an angry hiss.
You claw the kobold!
You kill the kobold!
No target in view!
An adder comes into view.
The adder hisses angrily.
A kobold comes into view. It is wielding a +0 whip.
Things that are here:
a +0 short sword {short}; 2 stones {throwing} Danger!
There are no items here.
Unknown command.
Unknown command.
Danger!
The adder closely misses you.
Unknown command.
You closely miss the adder. The adder bites you.
You are poisoned.
The adder poisons you!
You completely miss the adder.
You feel sick. The adder misses you.
You scratch the adder but do no damage.
You feel sick. The adder bites you.
* * * LOW HITPOINT WARNING * * *
Unknown command.
* * * LOW HITPOINT WARNING * * *
You feel sick.
* * * LOW HITPOINT WARNING * * *
You feel sick.
You are no longer poisoned.
The adder completely misses you.
Unknown command.
An adder comes into view.
The adder hisses angrily.
You don't know any spells.
Unknown command.
Really read
a - a scroll of blinking {!r}?
Blink to where?
Press: ? - help, Dir - move target
As you read the scroll of blinking {!r}, it crumbles to dust.
Unknown command.
You climb upwards.
There is a stone staircase leading down here.
Unknown command.
Done exploring.
Unknown command.
There is an open door here.
There is an open door here.
There is a stone staircase leading down here.
You climb downwards.
A hobgoblin comes into view. It is wielding a +0 hand axe.
Found four items.
Found a shimmering altar of Xom.
Found an escape hatch in the ceiling.
There is a stone staircase leading up here.
Danger!
The hobgoblin closely misses you.
You scratch the hobgoblin.
You kill the hobgoblin!
No target in view!
Things that are here:
a +0 hand axe {axe}; a hobgoblin corpse
a - a scroll of blinking {!r} You pick up a book of Conjurations {@e2} and begin reading...
You add the spells Magic Dart, Searing Ray and Fulminant Prism to your library.
e - a scroll labelled TAXTIO DAENWAJ
f - a scroll labelled ELUIMA XEONARCH An adder comes into view.
Danger!
A quokka comes into view.
A kobold comes into view. It is wielding a +0 whip.
The adder hisses angrily.
The adder bites you.
You are poisoned.
The adder poisons you!
You scratch the adder but do no damage. Your bite misses the adder.
You feel sick. The adder closely misses you.
Unknown command.
You feel sick.
You feel sick.
You feel sick.
You feel sick.
You feel sick.
You are no longer poisoned.
The adder completely misses you.
Things that are here:
a +0 hand axe {axe}; a hobgoblin corpse
There is a stone staircase leading up here.
The adder bites you.
You die...

Skill      XL: |  1  2 |
---------------+-------+-----
Unarmed Combat | 3 |  3.5
Fighting       | |  2.0
Dodging        | |  3.2
Spellcasting   | |  2.0
Translocations | |  4.4

Action                   || total
-------------------------++-------
Melee: Unarmed           ||    63
       Punch             ||     1
  Use: Scroll            ||     1
 Stab: Sleeping          ||     2
Armor: Skin              ||     2
Dodge: Dodged            ||    51

Levels and vault maps discovered:
D:1:      lemuel_arrival_behind_the_door_small, layout_loops_corners
D:2:      layout_rooms, basic_ecumenical_altar, basic_altar,
          columned_hall_lemuel

Notes
Turn   | Place    | Note
-------+----------+-------------------------------------------
     0 | D:1      | Sobieck the Felid Warper began the quest for the Orb.
     0 | D:1      | Reached XP level 1. HP: 9/9 MP: 4/4
   345 | D:1      | Reached XP level 2. HP: 6/13 MP: 6/6
   366 | D:1      | HP: 3/13 [jackal (3)]
   366 | D:1      | HP: 1/13 [jackal (1)]
   381 | D:1      | HP: 1/13 [jackal (1)]
   762 | D:1      | Reached skill level 3 in Unarmed Combat
  1801 | D:2      | HP: 3/13 [adder (3)]
  1803 | D:2      | HP: 1/13 [poisoned by an adder]
  2146 | D:2      | Found a shimmering altar of Xom.
  2155 | D:2      | You pick up a book of Conjurations {@e2} and begin
                  | reading...
  2155 | D:2      | You add the spells Magic Dart, Searing Ray and Fulminant
                  | Prism to your library.
  2182 | D:2      | Slain by an adder

Vanquished Creatures
  A ball python (D:1)
  2 endoplasms
  A giant cockroach (D:1)
  3 hobgoblins
  6 jackals (D:1)
  A quokka (D:1)
  2 frilled lizards (D:1)
  A goblin (D:1)
  3 kobolds
  4 rats (D:1)
24 creatures vanquished.

Table legend:
 A = Non-vault XP
 B = Vault XP
 C = Vault XP percentage of total XP
 D = Non-vault monster count
 E = Vault monster count
 F = Vault count percentage of total count
                 A         B        C        D         E       F
            +---------+---------+-------+---------+---------+-------
      Total |      39 |       0 |   0.0 |      24 |       0 |   0.0
            +---------+---------+-------+---------+---------+-------
        D:1 |      33 |       0 |   0.0 |      21 |       0 |   0.0
        D:2 |       6 |       0 |   0.0 |       3 |       0 |   0.0
            +---------+---------+-------+---------+---------+-------

Illustrated notes

Table legend:
 A = Kills in this place as a percentage of kills in entire the game.
 B = Kills by you in this place as a percentage of kills by you in the entire game.
 C = Kills by friends in this place as a percentage of kills by friends in the entire game.
 D = Other kills in this place as a percentage of other kills in the entire game.
 E = Experience gained in this place as a percentage of experience gained in the entire game.
 F = Experience gained in this place divided by the number of levels of this place that you have seen.
                   A       B       C       D       E      F
               +-------+-------+-------+-------+-------+----------------------
         Total | 100.0 | 100.0 |   N/A |   N/A | 100.0 |  19.5
       Dungeon | 100.0 | 100.0 |   N/A |   N/A | 100.0 |  19.5
               +-------+-------+-------+-------+-------+----------------------

Table legend: (Time is in decaauts)
 A = Elapsed time spent in this place.
 B = Non-inter-level travel time spent in this place.
 C = Inter-level travel time spent in this place.
 D = Time resting spent in this place.
 E = Time spent auto-exploring this place.
 F = Levels seen in this place.
 G = Mean time per level.
                   A        B        C        D        E       F      G
               +--------+--------+--------+--------+--------+-----+--------+
         Total |   1948 |   1878 |     70 |    530 |   1066 |   2 |  974.0 |
       Dungeon |   1948 |   1878 |     70 |    530 |   1066 |   2 |  974.0 |
               +--------+--------+--------+--------+--------+-----+--------+

Top non-repeatable levels by time:
     D:1: 1851 daAuts
     D:2: 96 daAuts
